 Dungeon Crawl Stone Soup version 0.28-a0-8-g6e044cfa68 (webtiles) character file.

Game seed: 1476670543201242022

569 kekkuli the Skirmisher (level 7, 0/46 HPs)
             Began as a Gargoyle Wanderer on July 23, 2021.
             Slain by an orc warrior (7 damage)
             ... on level 5 of the Dungeon.
             The game lasted 00:14:45 (4464 turns).

kekkuli the Skirmisher (Gargoyle Wanderer)          Turns: 4464, Time: 00:14:46

Health: 0/46       AC: 19    Str: 24    XL:     7   Next: 33%
Magic:  7/7        EV:  7    Int: 11    God:
Gold:   9          SH:  5    Dex: 10    Spells: 6/6 levels left

rFire   . . .      SeeInvis .   a - +3 morningstar (vamp)
rCold   . . .      Faith    .   (no shield)
rNeg    + . .      Spirit   .   x - +1 plate armour
rPois   ∞          Reflect  +   (no helmet)
rElec   +          Harm     .   r - +0 cloak
rCorr   .          Rampage  .   (no gloves)
Will    .....                   (no boots)
Stlth   ..........              y - amulet of reflection
HPRegen 0.15/turn               v - +6 ring of strength
MPRegen 0.10/turn               (no ring)

@: no status effects
A: sickness immunity, AC +4, negative energy resistance 1, electricity
resistance, torment resistance 1, petrification resistance
a: no special abilities


You were on level 5 of the Dungeon.
You visited 1 branch of the dungeon, and saw 6 of its levels.

You collected 247 gold pieces.
You spent 238 gold pieces at shops.

Inventory:

Hand Weapons
 a - a +3 vampiric morningstar (weapon)
 b - a +0 shortbow
 s - a +0 hunting sling
Missiles
 d - 42 arrows
 g - 103 stones (quivered)
 t - 17 sling bullets
Armour
 r - a +0 cloak (worn)
 x - a +1 plate armour (worn)
Jewellery
 v - a +6 ring of strength (left hand)
 y - an amulet of reflection (around neck)
Scrolls
 i - 3 scrolls of vulnerability {unknown}
 k - 2 scrolls of amnesia {unknown}
 m - a scroll of blinking
 q - a scroll of brand weapon {unknown}
 u - a scroll of teleportation {unknown}
Potions
 e - 2 potions of lignification
 f - a potion of ambrosia {unknown}
 h - a potion of mutation {unknown}
 j - 2 potions of flight
 l - a potion of haste {unknown}
 o - a potion of attraction {unknown}
 p - a potion of cancellation {unknown}
 z - a potion of curing {unknown}
 A - 2 potions of degeneration {unknown}


   Skills:
 + Level 6.0 Fighting
 + Level 1.9 Maces & Flails
 - Level 5.0 Bows
 + Level 5.6 Armour
 - Level 1.1 Stealth
 - Level 1.0 Evocations


You had 6 spell levels left.
You didn't know any spells.
Your spell library contained the following spells:

 Spells                   Type           Power      Damage    Failure   Level
 Beastly Appendage        Tmut           0%         N/A       99%         1
 Foxfire                  Conj/Fire      0%         2x1d4     99%         1
 Shock                    Conj/Air       0%         1d3       99%         1
 Static Discharge         Conj/Air       0%         N/A       100%        2
 Wereblood                Tmut           0%         N/A       100%        2
 Conjure Flame            Conj/Fire      0%         6-21      100%        3
 Inner Flame              Hex/Fire       0%         N/A       100%        3
 Spider Form              Tmut/Pois      0%         N/A       100%        3
 Swiftness                Air            0%         N/A       100%        3
 Airstrike                Air            0%         N/A       100%        4
 Cause Fear               Hex            0%         N/A       100%        4
 Leda's Liquefaction      Hex/Erth       0%         N/A       100%        4
 Bolt of Magma            Conj/Fire/Erth 0%         4d4       100%        5
 Lightning Bolt           Conj/Air       0%         1d11      100%        5
 Discord                  Hex            0%         N/A       100%        8
 Maxwell's Capacitive Co  Air            0%         ∞         100%        8
 Statue Form              Tmut/Erth      Unusable   N/A       N/A         6

Dungeon Overview and Level Annotations

Branches:
Dungeon (6/15)
 Temple: D:4-7

Altars:

Shops:
D:4 (


Innate Abilities, Weirdness & Mutations

You are immune to sickness and miasma.
Your stone body is resilient. (AC +4)
You are immune to poison.
You resist negative energy. (rN+)
You are resistant to electric shocks. (rElec)
You are resistant to unholy torment.
You are immune to petrification.


Message History

You block the orc warrior's attack.
You thump the orc warrior!
You feel better.
The orc warrior is severely wounded.
The orc warrior hits you but does no damage.
Your plate armour prevents you from hitting the orc warrior.
The orc warrior is severely wounded.
The orc warrior hits you with a +0 glaive.
You closely miss the orc warrior.
The orc warrior is severely wounded.
The orc warrior hits you with a +0 glaive!
The orc warrior hits you but does no damage.
You closely miss the orc warrior.
The orc warrior is severely wounded.
The orc warrior hits you but does no damage.
You puncture the orc warrior!
You feel better.
The orc warrior is almost dead.
The orc warrior hits you with a +0 glaive.
The orc warrior hits you but does no damage.
You closely miss the orc warrior.
The orc warrior is almost dead.
The orc warrior hits you with a +0 glaive!
You hit the orc warrior but do no damage.
The orc warrior is almost dead.
The orc warrior hits you with a +0 glaive.
* * * LOW HITPOINT WARNING * * *
You feel much better.
The orc warrior hits you with a +0 glaive!
Your plate armour prevents you from hitting the orc warrior.
The orc warrior is almost dead.
The orc warrior barely misses you.
The orc warrior hits you with a +0 glaive!
* * * LOW HITPOINT WARNING * * *
You closely miss the orc warrior.
The orc warrior is almost dead.
The orc warrior hits you but does no damage.
You hit the orc warrior but do no damage.
The orc warrior is almost dead.
The orc warrior barely misses you.
The orc warrior hits you with a +0 glaive!
You die...

................# #.#
...†............### #>#
................... #.#
................#########
#..
............g...........#
###
.................######.#
#.. .................#
#.# #.#
.................######.#
#.#
.........##....o@<...##.#
#.#
.........#######.######.#
#.# ...........#
#.##.....## #.#
###.....##.# #.#.......#
#.# #.###.. .#
#.#.......# #.# #. #.#. #
#.#.......#.####.# #.
..... #.#.......#.......
.#. .# #.##.###########.#
.#.. #.###########.#


You could see an orc warrior and a gnoll.

Vanquished Creatures
  2 scorpions
  4 hounds
  An orc priest (D:5)
  A centaur skeleton (D:4)
  2 iguanas (D:4)
  An orc wizard (D:6)
  A hound skeleton (D:2)
  6 gnolls
  5 adders
  4 adder skeletons (D:4)
  2 worms (D:2)
  4 dart slugs
  3 orcs
  4 ball pythons
  A bat (D:2)
  5 endoplasms
  5 goblins
  4 hobgoblins
  3 jackals
  5 kobolds
  3 quokkas
  3 frilled lizards
  A rat (D:1)
70 creatures vanquished.

Vanquished Creatures (others)
  4 plants
  6 toadstools (D:6)
10 creatures vanquished.

Grand Total: 80 creatures vanquished

Notes
Turn   | Place    | Note
-------+----------+-------------------------------------------
     0 | D:1      | kekkuli the Gargoyle Wanderer began the quest for the Orb.
     0 | D:1      | kekkuli set off with the following items: a +2 dagger, a
                  | potion of heal wounds, a +0 shortbow, 27 arrows, a potion
                  | of lignification, a +0 robe
     0 | D:1      | Reached XP level 1. HP: 12/12 MP: 1/1
   235 | D:1      | Reached XP level 2. HP: 18/18 MP: 2/2
   592 | D:1      | Reached skill level 3 in Fighting
   952 | D:2      | Reached XP level 3. HP: 22/23 MP: 3/3
  1039 | D:2      | Noticed a floating eye
  1042 | D:2      | Found a faded altar of an unknown god.
  1044 | D:2      | Noticed an eye of devastation
  1044 | D:2      | Noticed a shining eye
  1044 | D:2      | Noticed a golden eye
  1377 | D:2      | Reached XP level 4. HP: 26/28 MP: 4/4
  2409 | D:3      | You fall into a shaft and drop 1 floor!
  2451 | D:4      | Reached skill level 4 in Fighting
  2496 | D:4      | Reached XP level 5. HP: 17/33 MP: 5/5
  2783 | D:3      | You fall into a shaft and drop 3 floors!
  2883 | D:6      | Reached XP level 6. HP: 20/40 MP: 6/6
  2887 | D:6      | Reached skill level 5 in Fighting
  3276 | D:6      | Reached skill level 5 in Armour
  3360 | D:5      | Entered Level 5 of the Dungeon
  3629 | D:4      | Found Pienaj's Antique Weapon Emporium.
  4075 | D:5      | Noticed a water moccasin
  4216 | D:4      | Bought a runed morningstar for 238 gold pieces
  4264 | D:5      | Reached skill level 1 in Maces & Flails
  4264 | D:5      | Reached XP level 7. HP: 45/45 MP: 7/7
  4334 | D:4      | Reached skill level 6 in Fighting
  4464 | D:5      | Slain by an orc warrior

Illustrated notes

Levels and vault maps discovered:
D:1:      wander_arrival_chamber, layout_rooms, st_stairs_6, minivault_19
D:2:      minmay_inner_zag, layout_loops_cross, serial_forest,
          infiniplex_forest_lined_2, infiniplex_forest_clump_tiny,
          infiniplex_forest_corner_1, infiniplex_forest_lined_room_3,
          infiniplex_forest_clump_curved, infiniplex_forest_lined_3,
          infiniplex_forest_clump_long, infiniplex_forest_lined_corner,
          hellmonk_ecumenical_altar_watching_god, minmay_strange_pillars,
          dk_vineyard_1
D:3:      layout_loops_ring, lexackson_kobold_supper, uniq_crazy_yiuf_cottage,
          uniq_sigmund
D:4:      layout_basic, serial_shops, shop
D:5:      layout_basic, mainiacjoe_overflow_24_doors,
          gammafunk_temple_overflow_statue, minmay_temple_entry_slanted,
          serial_bayou_pond_b
D:6:      cheibrodos_fertilizer, layout_cave_pools, serial_gnoll_camp,
          gnoll_camp_mini_hut, gnoll_camp_mini_doghouse, gnoll_camp_huts_basic,
          gnoll_camp_mini_loothouse, gnoll_camp_mini_sergeant,
          kennysheep_generic_room_4, uniq_menkaure

Skill      XL: |  1  2  3  4  5  6  7 |
---------------+----------------------+-----
Armour         | 2 3 4 5 |  5.6
Fighting       | 3 4 5 6 |  6.0
Maces & Flails | 1 |  1.9
Bows           | |  5.0
Stealth        | |  1.1
Evocations     | |  1.0

Action                   |  1- 3 |  4- 6 |  7- 9 || total
-------------------------+-------+-------+-------++-------
Melee: Dagger            |    65 |    32 |       ||    97
       Quarterstaff      |       |   132 |       ||   132
       Morningstar       |       |     2 |    37 ||    39
 Fire: Shortbow          |    19 |    36 |       ||    55
  Use: Scroll            |       |     3 |       ||     3
       Potion            |       |     1 |     1 ||     2
Armor: Robe              |     3 |       |       ||     3
       Ring mail         |    32 |       |       ||    32
       Scale mail        |       |    54 |       ||    54
       Plate armour      |       |    92 |    39 ||   131
Dodge: Dodged            |    30 |    80 |    19 ||   129
Block: Other             |       |    19 |    10 ||    29

Table legend: (Time is in decaauts)
 A = Elapsed time spent in this place.
 B = Non-inter-level travel time spent in this place.
 C = Inter-level travel time spent in this place.
 D = Time resting spent in this place.
 E = Time spent auto-exploring this place.
 F = Levels seen in this place.
 G = Mean time per level.
                   A        B        C        D        E       F      G
               +--------+--------+--------+--------+--------+-----+--------+
         Total |   4516 |   4313 |    203 |   1033 |   2227 |   6 |  752.7 |
       Dungeon |   4516 |   4313 |    203 |   1033 |   2227 |   6 |  752.7 |
               +--------+--------+--------+--------+--------+-----+--------+

Top non-repeatable levels by time:
     D:2: 1441 daAuts
     D:4: 1124 daAuts
     D:1: 791 daAuts
     D:6: 593 daAuts
     D:5: 347 daAuts
     D:3: 218 daAuts
